 Dungeon Crawl Stone Soup version 0.29-a0-1009-g60c99734e7 (webtiles) character file.

Game seed: 14655355814142073952

5411 iguanaiguana the Tainter (level 10, -2/56 HPs)
             Began as a Gargoyle Venom Mage on Aug 9, 2022.
             Was a Believer of Vehumet.
             Slain by a blink frog (3 damage)
             ... on level 9 of the Dungeon.
             The game lasted 00:23:40 (9471 turns).

iguanaiguana the Tainter (Gargoyle Venom Mage)      Turns: 9471, Time: 00:23:41

Health: -2/56      AC: 11    Str: 12    XL:     10   Next: 67%
Magic:  3/18       EV: 12    Int: 26    God:    Vehumet [**....]
Gold:   551        SH:  5    Dex: 10    Spells: 10/20 levels left

rFire   . . .      SeeInvis .   A - +5 trident (venom)
rCold   . . .      Faith    .   (no shield)
rNeg    + . .      Spirit   .   a - +0 robe
rPois   ∞          Reflect  +   q - +0 helmet
rElec   +          Harm     .   y - +0 cloak
rCorr   .          Rampage  .   (no gloves)
Will    .....                   (no boots)
Stlth   ++........              t - amulet of reflection
HPRegen 0.18/turn               z - +6 ring of intelligence
MPRegen 0.16/turn               (no ring)

@: no status effects
A: sickness immunity, AC +7, negative energy resistance 1, electricity
resistance, torment resistance 1, petrification resistance
a: Renounce Religion


You were on level 9 of the Dungeon.
You worshipped Vehumet.
Vehumet was pleased with you.
You visited 3 branches of the dungeon, and saw 11 of its levels.
You visited the Abyss 1 time.

You collected 551 gold pieces.

Inventory:

Hand Weapons
 A - a +5 trident of venom (weapon)
Missiles
 d - 28 poisoned darts
 g - 2 throwing nets
 j - 12 boomerangs
 v - 4 datura-tipped darts
Armour
 a - a +0 robe (worn)
 e - a +0 kite shield
 n - a +0 tower shield
 q - a +0 helmet (worn)
 y - a +0 cloak (worn)
Magical Staves
 L - a staff of cold
Jewellery
 t - an amulet of reflection (around neck)
 z - a +6 ring of intelligence (left hand)
 O - an amulet of the acrobat
Wands
 E - a wand of iceblast (5) {@v2}
 H - a wand of mindburst (11)
 P - a wand of paralysis (13)
Scrolls
 c - 2 scrolls of identify {unknown}
 f - 4 scrolls of vulnerability {unknown}
 k - a scroll of butterflies {unknown}
 m - 3 scrolls of acquirement {unknown}
 o - a scroll of immolation {unknown}
 p - 5 scrolls of noise {unknown}
 B - a scroll of teleportation {unknown}
 C - 2 scrolls of silence {unknown}
 D - a scroll of poison {unknown}
 J - a scroll of enchant armour {unknown}
 N - a scroll of fear {unknown}
 Q - a scroll of enchant weapon {unknown}
Potions
 b - a potion of magic
 h - 4 potions of might {@q3}
 i - 3 potions of flight {unknown}
 l - 5 potions of mutation {unknown}
 r - a potion of attraction {unknown}
 s - 2 potions of lignification {unknown}
 u - 2 potions of resistance {@q5}
 w - a potion of brilliance {unknown}
 x - 9 potions of curing {unknown}
 F - 3 potions of heal wounds {unknown}
 G - 2 potions of ambrosia {unknown}
 I - a potion of haste {unknown}
 K - a potion of berserk rage {unknown}
 M - a potion of invisibility {unknown}


   Skills:
 - Level 4.0 Fighting
 - Level 6.0 Polearms
 - Level 3.0 Dodging
 - Level 4.4 Stealth
 + Level 5.6 Spellcasting
 + Level 7.4 Conjurations
 - Level 1.0 Transmutations
 - Level 2.0 Air Magic
 - Level 8.0 Poison Magic
 - Level 3.6 Evocations


You had 10 spell levels left.
You knew the following spells:

 Your Spells              Type           Power      Damage    Failure   Level
a - Sting                 Tmut/Pois      100%       1d8       1%          1
b - Poisonous Vapours     Pois/Air       66%        N/A       1%          2
c - Mephitic Cloud        Conj/Pois/Air  37%        N/A       1%          3
d - Olgreb's Toxic Radia  Pois           48%        N/A       2%          4

Your spell library contained the following spells:

 Spells                   Type           Power      Damage    Failure   Level
 Searing Ray              Conj           92%        2d7       1%          2
 Dazzling Flash           Conj/Hex       52%        N/A       4%          3
 Apportation              Tloc           14%        N/A       8%          1
 Necrotise                Necr           28%        1d5       8%          1
 Summon Small Mammal      Summ           28%        N/A       8%          1
 Silence                  Hex/Air        6%         N/A       80%         5
 Agony                    Necr           7%         N/A       90%         5


Dungeon Overview and Level Annotations

Branches:
Dungeon (9/15) Zot: 26413  Temple (1/1) D:4 Zot: 5626    Lair (1/5) D:9 Zot: 5815
    Orc: D:9-12

Altars:
Ashenzari
Cheibriados
Dithmenos
Elyvilon
Fedhas
Gozag
Hepliaklqana
Kikubaaqudgha
Makhleb
Nemelex Xobeh
Okawaru
Qazlal
Ru
Sif Muna
Trog
Uskayaw
Vehumet
Wu Jian
Yredelemnul
Zin
The Shining One

Shops:
D:7 (

Annotations:
D:3 3 runed translucent doors, osoart's ghost, amateur HuFi


Innate Abilities, Weirdness & Mutations

You are immune to sickness and miasma.
Your stone body is resilient. (AC +7)
You are immune to poison.
You resist negative energy. (rN+)
You are resistant to electric shocks. (rElec)
You are resistant to unholy torment.
You are immune to petrification.


Message History

The water moccasin bites you.
* * * LOW HITPOINT WARNING * * *
The water moccasin attacks as you move away!
The water moccasin bites you.
* * * LOW HITPOINT WARNING * * *
The blink frog is engulfed in noxious fumes.
The blink frog blinks!
The blink frog is engulfed in noxious fumes.
The blink frog appears confused.
The blink frog misses the water moccasin.
The blink frog hits itself!
The blink frog closely misses the water moccasin.
Casting: Mephitic Cloud (safe; 1% risk of failure)
Confirm with . or Enter, or press ? or * to list all spells.
Aiming: Mephitic Cloud (safe; 1% risk of failure)
Press: ? - help, Shift-Dir - straight line, f - blink frog
Aim: a blink frog (chance to affect: 72%)
The ball explodes into a vile cloud!
The blink frog is heavily wounded.
The blink frog is engulfed in noxious fumes. x2
The blink frog is engulfed in noxious fumes.
The blink frog appears confused.
The blink frog is engulfed in noxious fumes.
The blink frog appears confused.
The blink frog hits the fungus.
The fungus begins to die.
The blink frog blinks!
The blink frog is engulfed in noxious fumes.
The blink frog appears confused.
The blink frog hits itself!
The water moccasin bites you.
* * * LOW HITPOINT WARNING * * *
The blink frog is engulfed in noxious fumes.
The blink frog appears confused.
Aiming: Paralyse
Press: ? - help, Shift-Dir - straight line, f - water moccasin, p - blink frog
Aim: a water moccasin (noxious fumes, chance to affect: 58%)
The water moccasin suddenly stops moving!
The blink frog is engulfed in noxious fumes.
The blink frog appears confused.
The blink frog is engulfed in noxious fumes.
The blink frog appears confused.
The blink frog hits you.
You die...

#.# #........# #
###.#####........# #
###......##........# #
#...P.P............# #
.###..P................
.....P....P...P........
###.....PP...........###
#.P..P.PP....P....
##......@......P...
......☼FS..........
.....P°○F..........
.P............P....
#..P....>.F.P......
.P..........P......
....P..............
#..P......P.....
##..P.P....P....


You could see 3 blink frogs and a water moccasin (paralysed).

Vanquished Creatures
  A torpor snail (Lair:1)
  2 hornets (D:9)
  A blink frog (Lair:1)
  Sigmund (D:2)
  Eustachio (D:4)
  A wyvern (D:7)
  6 water moccasins
  2 orc warriors (D:6)
  2 black bears (D:9)
  2 ogres
  5 wolves (Lair:1)
  A phantom (D:5)
  7 scorpions
  8 bullfrogs
  3 wights
  8 killer bees
  An electric eel (D:6)
  3 howler monkeys
  3 hounds
  A jelly (D:4)
  Crazy Yiuf (D:2)
  2 orc priests
  A gnoll bouda (D:5)
  4 iguanas
  8 orc wizards
  16 gnolls
  3 adders
  2 shadow imps
  4 white imps (D:8)
  2 worms (D:2)
  2 dart slugs
  19 orcs
  3 bats (D:1)
  5 endoplasms
  3 giant cockroaches
  2 hobgoblins
  3 quokkas
  5 ball pythons
  3 frilled lizards
  10 goblins
  6 kobolds
  5 rats
168 creatures vanquished.

Vanquished Creatures (others)
  57 fungi
  66 plants
123 creatures vanquished.

Grand Total: 291 creatures vanquished

Notes
Turn   | Place    | Note
-------+----------+-------------------------------------------
     0 | D:1      | iguanaiguana the Gargoyle Venom Mage began the quest for
                  | the Orb.
     0 | D:1      | Reached XP level 1. HP: 10/10 MP: 3/3
   252 | D:1      | Reached skill level 1 in Transmutations
   252 | D:1      | Reached XP level 2. HP: 15/15 MP: 0/5
   945 | D:1      | Reached XP level 3. HP: 19/19 MP: 6/6
   948 | D:1      | Learned a level 2 spell: Poisonous Vapours
  1068 | D:1      | Found a faded altar of an unknown god.
  1395 | D:2      | Reached skill level 4 in Poison Magic
  1561 | D:2      | Noticed Sigmund
  1568 | D:2      | Killed Sigmund
  1569 | D:2      | Reached skill level 5 in Poison Magic
  1569 | D:2      | Reached XP level 4. HP: 24/24 MP: 2/7
  1569 | D:2      | Reached XP level 5. HP: 28/28 MP: 2/8
  1843 | D:2      | Found a runed translucent door.
  1844 | D:2      | Noticed Crazy Yiuf
  1849 | Abyss:1  | Cast into level 1 of the Abyss (Crazy Yiuf)
  1870 | D:2      | Escaped the Abyss
  1876 | D:2      | Killed Crazy Yiuf
  1877 | D:2      | Reached XP level 6. HP: 12/32 MP: 4/9
  2857 | D:3      | Found a runed translucent gate.
  2857 | D:3      | Found a runed translucent gate.
  2857 | D:3      | Found a runed translucent gate.
  2860 | D:3      | Noticed osoart's ghost (amateur HuFi)
  3136 | D:4      | Found a staircase to the Ecumenical Temple.
  3151 | D:4      | Reached skill level 1 in Polearms
  3183 | Temple   | Entered the Ecumenical Temple
  3530 | Temple   | Became a worshipper of Vehumet
  3647 | D:4      | Noticed Eustachio
  3678 | D:4      | Killed Eustachio
  3679 | D:4      | Reached XP level 7. HP: 25/36 MP: 7/10
  3683 | D:4      | Learned a level 3 spell: Mephitic Cloud
  3782 | D:4      | Learned a level 4 spell: Olgreb's Toxic Radiance
  3804 | D:4      | Reached skill level 6 in Poison Magic
  4399 | D:5      | Entered Level 5 of the Dungeon
  4413 | D:4      | Reached * piety under Vehumet
  4413 | D:4      | Offered knowledge of Freeze by Vehumet.
  4434 | D:5      | Reached skill level 7 in Poison Magic
  4434 | D:5      | Reached XP level 8. HP: 38/41 MP: 11/11
  4478 | D:5      | Reached skill level 5 in Conjurations
  5166 | D:5      | Reached skill level 1 in Evocations
  6247 | D:5      | Reached XP level 9. HP: 23/45 MP: 7/14
  6800 | D:6      | Found an opulent altar of Gozag.
  6800 | D:6      | Found a sparkling altar of Nemelex Xobeh.
  7237 | D:6      | Found a sparkling altar of Nemelex Xobeh.
  7238 | D:6      | Found an opulent altar of Gozag.
  7342 | D:7      | Reached ** piety under Vehumet
  7455 | D:7      | Found Xaoppe's Weapon Shoppe.
  7594 | D:7      | Offered knowledge of Magic Dart by Vehumet.
  8251 | D:8      | Reached XP level 10. HP: 56/56 MP: 13/16
  8329 | D:8      | Reached skill level 5 in Polearms
  8434 | D:8      | Offered knowledge of Searing Ray by Vehumet.
  9158 | D:9      | Found a staircase to the Lair.
  9181 | D:9      | Reached skill level 8 in Poison Magic
  9277 | Lair:1   | Entered Level 1 of the Lair of Beasts
  9405 | Lair:1   | Reached skill level 5 in Spellcasting
  9436 | Lair:1   | Noticed a torpor snail
  9455 | Lair:1   | Noticed a death yak
  9461 | Lair:1   | Killed a torpor snail
  9470 | D:9      | HP: 1/56 [water moccasin (6)]
  9471 | D:9      | Slain by a blink frog

Illustrated notes

Levels and vault maps discovered:
D:1:      mushboom_english_gardens, layout_basic,
          ebering_ecumenical_altar_ruins, grunt_decor_cap,
          kennysheep_minor_cross
D:2:      layout_rooms, item_on_display_a, uniq_crazy_yiuf_cottage, uniq_sigmund
D:3:      layout_basic, serial_corexii_hall, corexii_hall_statues_l,
          chequers_hall_statues_corner_a, gammafunk_ghost_nasty_kobolds,
          kennysheep_generic_room_15
D:4:      layout_loops_ring, minmay_temple_entry_sparse_star, uniq_eustachio
D:5:      layout_gridville, minmay_misc_feat_ornament
D:6:      layout_cave_pools, grunt_temple_overflow_opulence, serial_bayou_lake_a
D:7:      layout_rooms, serial_shops, nicolae_shop_bloodbath_and_beyond,
          grunt_decor_resistance, serial_bayou_pond_c, hex_large,
          chequers_serial_rivers_marsh, minmay_misc_feat_hallway
D:8:      layout_rooms
D:9:      layout_long_grid, doesnt_xom_only_xom, due_lair_maze_entry_diamond
Temple:   nicolae_temple_bog_church
Lair:1:   layout_misc_corridors, lemuel_fruit_tree

Skill      XL: |  1  2  3  4  5  6  7  8  9 10 |
---------------+-------------------------------+-----
Transmutations | 1 |  1.0
Poison Magic   | 5 7 8 |  8.0
Air Magic      | 2 |  2.0
Polearms       | 2 4 6 |  6.0
Conjurations   | 2 4 5 7 |  7.4
Evocations     | 3 |  3.6
Spellcasting   | 3 4 5 |  5.6
Fighting       | 4 |  4.0
Dodging        | 3 |  3.0
Stealth        | 4 |  4.4

Action                   |  1- 3 |  4- 6 |  7- 9 | 10-12 || total
-------------------------+-------+-------+-------+-------++-------
Melee: Unarmed           |     2 |       |       |       ||     2
       Dagger            |     7 |       |       |       ||     7
       Trident           |    24 |    29 |   257 |    87 ||   397
       Punch             |       |     2 |     4 |     1 ||     7
 Cast: Sting             |    44 |    33 |     3 |       ||    80
       Poisonous Vapours |       |     4 |    39 |    23 ||    66
       Mephitic Cloud    |       |       |    22 |     8 ||    30
       Olgreb's Toxic Ra |       |       |       |     2 ||     2
Evoke: Wand              |       |       |     4 |     3 ||     7
 Stab: Sleeping          |     1 |     2 |     4 |     2 ||     9
       Distracted        |       |     1 |       |       ||     1
       Confused          |       |       |     9 |     1 ||    10
Armor: Robe              |    14 |     9 |    87 |    39 ||   149
Dodge: Dodged            |    21 |    16 |   115 |    63 ||   215
Block: Other             |     3 |     7 |    40 |    27 ||    77
       Reflection        |       |       |     2 |       ||     2

Table legend: (Time is in decaauts)
 A = Elapsed time spent in this place.
 B = Non-inter-level travel time spent in this place.
 C = Inter-level travel time spent in this place.
 D = Time resting spent in this place.
 E = Time spent auto-exploring this place.
 F = Levels seen in this place.
 G = Mean time per level.
                   A        B        C        D        E       F      G
               +--------+--------+--------+--------+--------+-----+--------+
         Total |   9565 |   9193 |    372 |   1281 |   6334 |  12 |  797.1 |
       Dungeon |   8986 |   8659 |    327 |   1203 |   5996 |   9 |  998.4 |
        Temple |    373 |    328 |     45 |      0 |    310 |   1 |  373.0 |
          Lair |    184 |    184 |      0 |     78 |     27 |   1 |  184.0 |
         Abyss |     20 |     20 |      0 |      0 |      0 |   1 |   20.0 |
               +--------+--------+--------+--------+--------+-----+--------+

Top non-repeatable levels by time:
     D:5: 2042 daAuts
     D:1: 1224 daAuts
     D:3: 1006 daAuts
     D:4: 978 daAuts
     D:2: 869 daAuts
     D:6: 853 daAuts
     D:7: 827 daAuts
     D:8: 760 daAuts
     D:9: 422 daAuts
  Temple: 373 daAuts
  Lair:1: 184 daAuts
 Abyss:1: 20 daAuts
